Unix NetHack Version 5.0.0-0 post-release - last build Jun 10 2026 00:39:30 (3ee93aec679c4c4259841fe613dc97188e26a321,branch:main).

Game began 2026-06-29 18:49:57, ended 2026-06-29 19:10:00.

Ch3Begorrah, chaotic male human Rogue

                                 -----  ------
                                 |...|  |....|
                                 |.0.----.00.|
                                 |.........0.|
                                 |..--->---..|
                                ---.---------|
                                |.....|<.^.^.|
                                |...0.|----^.|
                                |.....|   |^--
                                |.....-----^|
                                |.....^C..)@|
                                ----------`?|
                                         ----

Ch3Begorrah the Cutpurse  St:18/03 Dx:17 Co:12 In:9 Wi:9 Ch:9  Chaotic
Dlvl:5  $:239 HP:0(38) Pw:24(24) AC:7  Xp:5 T:2419 

Latest messages:
 With great effort you move the boulder.
 The boulder suddenly rolls away from you!
 You hear a boulder fall.
 With great effort you move the boulder.
 You try to move the boulder, but in vain.
 The boulder suddenly rolls away from you!
 You hear a boulder fall.
 You escape a rolling boulder trap.
 Click!  The plains centaur triggers a rolling boulder trap.
 The plains centaur shoots a crossbow bolt!
 You are hit by a crossbow bolt!
 You see here a scroll labeled JUYED AWK YACC.
 What do you want to write with? [- abgjzIQTWY or ?*] -
 You write in the dust with your fingertip.
 What do you want to write in the dust here? Elbereth
 Something is written here in the dust.
 You read: "Elberetj".
 You see here a scroll labeled JUYED AWK YACC.
 What do you want to write with? [- abgjzIQTWY or ?*] -
 Do you want to add to the current engraving? [ynq] (y) n
 You wipe out the message that was written in the dust here.
 You write in the dust with your fingertip.
 What do you want to write in the dust here? Elbereth
 The plains centaur swings his crossbow.
 The plains centaur hits!
 The plains centaur kicks!
 The plains centaur swings his crossbow.
 The plains centaur hits!
 The plains centaur kicks!
 What do you want to drink? [dlHKN or ?*] l
 You feel better.
 The plains centaur swings his crossbow.
 The plains centaur hits!
 The plains centaur kicks!
 The plains centaur picks up a scroll labeled JUYED AWK YACC.
 The plains centaur swings his crossbow.
 The plains centaur hits!
 The plains centaur kicks!
 What do you want to write with? [- abgjzIQTWY or ?*] -
 You write in the dust with your fingertip.
 What do you want to write in the dust here? ELbereth
 The plains centaur turns to flee.
 What do you want to drink? [dHKN or ?*] a
 That is a silly thing to drink.
 What do you want to drink? [dHKN or ?*] ?
 Magical energies course through your body.
 The plains centaur shoots a crossbow bolt!
 You are hit by a crossbow bolt!
 You die...
 Do you want your possessions identified? [ynq] (y) q

Inventory:
 Coins    ('$')
  $ - 239 gold pieces
 Amulets  ('"')
  o - an uncursed amulet of unchanging (being worn)
 Weapons  (')')
  I - 11 blessed +0 shuriken
  b - a +0 dagger (weapon in right hand)
  Q - 11 +0 daggers (at the ready)
  a - a +0 short sword (alternate weapon; not wielded)
 Armor    ('[')
  C - an uncursed +0 orcish helm
  c - an uncursed +1 leather armor (being worn)
 Comestibles  ('%')
  X - 2 uncursed slime molds
  G - 2 uncursed carrots
  U - an uncursed eucalyptus leaf
  k - 4 uncursed food rations
  V - an uncursed tin of stir fried mountain nymph meat
 Scrolls  ('?')
  R - 3 uncursed scrolls of blank paper
  F - 2 cursed scrolls of blank paper named curse
  i - an uncursed scroll of enchant armor
  q - an uncursed scroll of light named ok
  J - an uncursed scroll of magic mapping
 Potions  ('!')
  N - an uncursed potion of gain ability
  H - a cursed potion of levitation
  d - 2 uncursed potions of sickness
 Rings    ('=')
  W - an uncursed +1 ring of adornment
  z - an uncursed ring of stealth (on left hand)
 Wands    ('/')
  T - a wand of slow monster (0:4)
 Tools    ('(')
  f - an empty uncursed sack
  S - an uncursed figurine of a large dog
  e - an uncursed lock pick named F
  P - an uncursed skeleton key
  Y - an uncursed towel
 Gems/Stones  ('*')
  g - a cursed worthless piece of orange glass
  j - 4 uncursed worthless pieces of white glass

Ch3Begorrah the Rogue's attributes:

Background:
 You were a Cutpurse, a level 5 male human Rogue.
 You were chaotic, nominally on a mission for Kos
 who was opposed by Issek (lawful) and Mog (neutral).
 You were right-handed.
 You were in Sokoban, on level 5.
 You entered the dungeon 2419 turns ago.
 There was a full moon in effect when your adventure ended.
 You had 161 experience points, 159 more were needed to attain level 6.

Basics:
 You had 0 out of 38 hit points.
 You had all 24 energy points (spell power).
 Your armor class was 7.
 Your wallet contained 239 zorkmids.
 Autopickup was on for '$!/(', with exceptions.

Final Characteristics:
 Your strength was 18/03 (limit:18/100).
 Your dexterity was 17 (limit:18).
 Your constitution was 12 (limit:18).
 Your intelligence was 9 (limit:18).
 Your wisdom was 9 (limit:18).
 Your charisma was 9 (limit:18).

Final Status:
 You weren't hungry.
 You were unencumbered.
 You were wielding a dagger.
 You had basic skill with dagger.

Final Attributes:
 You were piously aligned.
 You were stealthy.
 You were warded.
 You couldn't change from your current form.
 You were lucky.
 You are dead.

Miscellaneous:
 You encountered 1 bones level.
 Total elapsed playing time was 20 minutes and 2 seconds.

Major events:
 Turn
    1: Ch3Begorrah the chaotic male human Rogue entered the dungeon
  486: entered the Gnomish Mines
 1267: attained the rank of Cutpurse (level 3)
 2281: entered Sokoban
 2419: killed by a crossbow bolt

You didn't know any spells.

Skills:
 Fighting Skills
   bare handed combat [Unskilled]
   two weapon combat  [Unskilled]
   riding             [Unskilled]
 Weapon Skills
   dagger             [Basic]
   knife              [Unskilled]
   short sword        [Basic]
   broadsword         [Unskilled]
   long sword         [Unskilled]
   two-handed sword   [Unskilled]
   saber              [Unskilled]
   club               [Unskilled]
   mace               [Unskilled]
   morning star       [Unskilled]
   flail              [Unskilled]
   hammer             [Unskilled]
   polearms           [Unskilled]
   spear              [Unskilled]
   crossbow           [Unskilled]
   dart               [Unskilled]
   shuriken           [Unskilled]
 Spellcasting Skills
   divination spells  [Unskilled]
   escape spells      [Unskilled]
   matter spells      [Unskilled]

Voluntary challenges:
 Character rerolling was not enabled.
 You followed a strict vegan diet.
 You were an atheist.
 You never genocided any monsters.
 You never polymorphed an object.
 You never changed form.
 You used no wishes.
 You did not violate any of the special Sokoban rules.
Achievements:
 You entered the Gnomish Mines.
 You entered a shop.
 You attained the rank of Cutpurse.
 You entered Sokoban.

 The Dungeons of Doom: levels 1 to 7
    Level 1:
    Level 2:
       A general store, a fountain.
       Stairs down to The Gnomish Mines.
    Level 3:
       A grave.
    Level 4:
       Some fountains.
    Level 5:
       Many fountains.
       Oracle of Delphi.
    Level 6:
       A fountain.
       Stairs up to Sokoban, level 5.
    Level 7:
 The Gnomish Mines:
    Level 3:
       A grave.
       Final resting place for
          jvanheel-Rog-Hum-Mal-Cha, killed by a white unicorn.
 Sokoban:
    Level 5: <- You were here.
       Unsolved.
       Final resting place for
          you, killed by a crossbow bolt.


Vanquished creatures:
 an imp
  a pony
  a gnome leader
  a black naga hatchling
  a guardian naga hatchling
  a paper golem
  a floating eye
  a rothe
  a giant bat
 an orc zombie
 an iguana
 an acid blob
  2 coyotes
  a gas spore
  a hobbit
  2 giant rats
  a brown mold
  2 yellow molds
  2 green molds
  a red mold
  2 geckos
  4 jackals
  2 foxes
  2 kobolds
  2 goblins
  a sewer rat
  5 grid bugs
  a lichen
  a kobold zombie
  5 newts
49 creatures vanquished.

No species were genocided or became extinct.

Game over:
                       ----------
                      /          \
                     /    REST    \
                    /      IN      \
                   /     PEACE      \
                  /                  \
                  |   Ch3Begorrah    |
                  |      239 Au      |
                  |   killed by a    |
                  |  crossbow bolt   |
                  |                  |
                  |                  |
                  |       2026       |
                 *|     *  *  *      | *
        _________)/\\_//(\/(/\)/\//\/|_)_______

Goodbye Ch3Begorrah the Rogue...

You died in Sokoban on dungeon level 5 with 1190 points,
and 239 pieces of gold, after 2419 moves.
You were level 5 with a maximum of 38 hit points when you died.

